Map: Frozen Temple

Players

Gracz

  • Race: Terran Terran
  • League: Bronze

QUICK - Winner!

  • Race: Protoss Protoss

VOD

Have the link to the VOD?

Description

Time

  • Played on: Sept. 3, 2016, 12:41 p.m.
  • Length: 10:25
Show
View Real Time Build Order
Export as new Build Order

Gracz Terran 

Build Orders:  

Get SALT Encoding   

  12  0:01  SCV  
  13  0:29  Supply Depot  
  13  0:31  SCV  
  13  0:33  Refinery  
  14  0:43  SCV  
  15  0:55  Barracks, SCV  
  16  1:42  Supply Depot  
  16  1:45  Marine  
  17  2:15  SCV  
  18  2:20  Barracks  
  18  2:27  SCV  
  19  2:33  Refinery  
  19  2:39  SCV  
  20  2:51  SCV  
  21  3:00  Marine  
  21  3:03  SCV  
  23  3:16  SCV  
  23  3:18  Marine  
  23  3:27  Factory  
  23  3:30  SCV  
  24  3:36  Marine  
  24  4:13  Factory Tech Lab  
  24  4:19  Starport  
  24  4:20  Barracks Reactor  
  24  4:21  Barracks Reactor  
  24  4:31  Siege Tank  
  27  4:56  Marine x2  
  27  4:57  Marine x2  
  31  5:21  Supply Depot  
  31  5:36  Factory  
  31  5:43  Marine x4, Siege Tank  
  35  6:00  Marine  
  36  6:10  Medivac  
  38  6:12  Marine  
  38  6:15  Supply Depot  
  39  6:30  Factory Tech Lab  
  39  6:34  Marine  
  39  6:37  Marine  
  40  6:40  Medivac  
  35  6:50  Marine  
  34  6:54  Marine  
  31  7:21  Command Center  
  17  8:53  Supply Depot  
  11  9:45  Barracks  
  11  9:56  Barracks  
Show
View Real Time Build Order
Export as new Build Order

QUICK Protoss - Winner!

Build Orders:  

Get SALT Encoding   

  12  0:01  Probe (Chrono Boost)  
  13  0:12  Probe (Chrono Boost)  
  14  0:21  Pylon  
  14  0:22  Probe (Chrono Boost)  
  15  0:39  Probe (Chrono Boost)  
  15  0:41  Forge  
  17  0:50  Probe (Chrono Boost)  
  17  1:03  Pylon  
  17  1:07  Pylon  
  17  1:11  Probe (Chrono Boost)  
  18  1:21  Probe (Chrono Boost)  
  18  1:22  Photon Cannon  
  18  1:42  Probe (Chrono Boost)  
  18  1:43  Gateway  
  18  1:45  Assimilator  
  19  1:53  Probe (Chrono Boost)  
  20  2:04  Probe (Chrono Boost)  
  20  2:08  Nexus  
  21  2:21  Pylon  
  21  2:23  Probe (Chrono Boost)  
  22  2:37  Photon Cannon  
  22  2:38  Assimilator  
  22  2:42  Photon Cannon  
  22  2:48  Photon Cannon  
  22  2:57  Pylon  
  22  2:59  Photon Cannon  
  23  3:20  Probe (Chrono Boost)  
  23  3:26  Cybernetics Core  
  23  3:29  Probe (Chrono Boost)  
  23  3:30  Probe (Chrono Boost)  
  25  3:35  Assimilator  
  25  3:39  Probe (Chrono Boost)  
  25  3:41  Probe (Chrono Boost)  
  27  3:45  Pylon  
  27  3:50  Probe (Chrono Boost)  
  27  3:52  Probe (Chrono Boost)  
  29  4:00  Probe (Chrono Boost)  
  30  4:11  Stargate, Probe (Chrono Boost)  
  30  4:14  Stargate  
  30  4:16  Pylon  
  31  4:18  Probe (Chrono Boost)  
  31  4:21  Probe (Chrono Boost)  
  33  4:32  Probe (Chrono Boost)  
  33  4:34  Photon Cannon  
  34  4:39  Photon Cannon  
  34  4:41  Probe (Chrono Boost)  
  34  4:43  Probe (Chrono Boost)  
  36  4:48  Assimilator  
  36  4:58  Void Ray  
  40  5:05  Void Ray  
  44  5:22  Probe (Chrono Boost)  
  44  5:23  Probe (Chrono Boost)  
  46  5:31  Pylon  
  46  5:32  Probe (Chrono Boost)  
  46  5:34  Probe (Chrono Boost)  
  48  5:42  Stargate  
  48  5:44  Probe (Chrono Boost)  
  49  5:50  Void Ray  
  49  5:51  Void Ray  
  58  6:12  Probe (Chrono Boost)  
  58  6:24  Probe (Chrono Boost)  
  58  6:25  Void Ray  
  63  6:36  Probe (Chrono Boost)  
  64  6:50  Void Ray  
  64  6:52  Void Ray  
  72  7:08  Void Ray  
  76  7:44  Pylon  
  76  7:45  Pylon  
  76  7:47  Pylon x2  
  76  7:56  Void Ray x2  
  72  8:33  Photon Cannon  
  66  8:36  Pylon  
  66  8:38  Pylon  
  61  8:41  Pylon  
  61  8:58  Photon Cannon  
  61  8:59  Photon Cannon  
  61  9:02  Photon Cannon  
  61  9:07  Pylon  
  61  9:09  Void Ray  
  61  9:10  Void Ray  
  61  9:11  Photon Cannon  
  61  9:16  Void Ray  
Tags
 
Add a new tag
Caveats
  • Supply blocks, unpowered buildings, or Contaminate may cause inaccurate times.
  • Supply counts are checked every 10 seconds.